 Dungeon Crawl Stone Soup version 0.19-a0-414-g76fec5b (webtiles) character file.

1290 Fedra the Covered (level 8, 0/70 HPs)
             Began as a Minotaur Berserker on May 8, 2016.
             Was a Priest of Trog.
             Slain by an ogre
             ... wielding a +0 giant club
              (13 damage)
             ... on level 5 of the Dungeon on May 31, 2016.
             The game lasted 00:27:12 (3875 turns).

Fedra the Covered (Minotaur Berserker)              Turns: 3875, Time: 00:27:13

Health: 0/70       AC: 14    Str: 24    XL:     8   Next: 30%
Magic:  16/16      EV:  6    Int:  4    God:    Trog [***...]
Gold:   96         SH:  8    Dex: 10    Spells: 0 memorised, 7 levels left

rFire  . . .     SeeInvis .     a - +0 hand axe
rCold  + . .     Gourm    .     v - +1 plate armour of Knowledge {-Cast rN+ MP+9}
rNeg   + . .     Faith    .     t - +0 shield
rPois  .         Spirit   .     (helmet restricted)
rElec  .         Dismiss  .     (no cloak)
rCorr  .         Reflect  .     (no gloves)
SustAt .         Harm     .     (no boots)
MR     +....     NoCast   +     (no amulet)
Stlth  ..........               p - ring of protection from cold
                                f - ring of protection from magic (curse)

@: somewhat resistant to hostile enchantments, extremely unstealthy
A: retaliatory headbutt, horns 2
a: Berserk, Trog's Hand, Burn Spellbooks, Renounce Religion


You were on level 5 of the Dungeon.
You worshipped Trog.
Trog was most pleased with you.
You were not hungry.

You visited 1 branch of the dungeon, and saw 5 of its levels.

You collected 96 gold pieces.

Inventory:

Hand Weapons
 a - a +0 hand axe (weapon)
Armour
 b - a +0 animal skin
 e - a +0 scale mail
 t - a +0 shield (worn)
 v - the +1 plate armour of Knowledge (worn) {-Cast rN+ MP+9}
   (You found it on level 5 of the Dungeon)

   It protects you from negative energy.
   It affects your magic capacity (+9).
   It prevents spellcasting.
Jewellery
 f - a cursed ring of protection from magic (left hand)
 p - a ring of protection from cold (right hand)
 q - an uncursed ring of wizardry
Wands
 u - a wand of polymorph (7/24)
Scrolls
 c - a scroll of remove curse {unknown}
 h - 2 scrolls of recharging {unknown}
 i - 3 scrolls of identify {unknown}
 j - a scroll of enchant weapon {unknown}
 l - a scroll of teleportation {unknown}
 m - 2 scrolls of noise {unknown}
 n - a scroll of blinking {unknown}
 o - a scroll of enchant armour {unknown}
 r - 2 scrolls of magic mapping {unknown}
Potions
 d - a potion of brilliance {unknown}
 g - a potion of berserk rage {unknown}
 s - a potion of mutation {unknown}
Comestibles
 k - a bread ration
 w - 6 fruits


   Skills:
 + Level 6.1 Fighting
 + Level 6.9 Axes
 + Level 7.5 Armour
 + Level 5.3 Dodging
 + Level 0.5 Stealth
 + Level 1.6 Shields


You had 7 spell levels left.
You didn't know any spells.

Dungeon Overview and Level Annotations

Branches:
Dungeon (5/15)
 Temple: D:4-7

Altars:
Dithmenos
Fedhas
Makhleb
Okawaru
Xom
Zin
The Shining One


Innate Abilities, Weirdness & Mutations

You reflexively headbutt those who attack you in melee.
You have a pair of horns on your head.


Message History

You barely miss the orc.
The orc is lightly wounded.
You hit the orc priest.
You kill the orc priest!
Trog accepts your kill. The ogre hits you with a giant club!!
* * * LOW HITPOINT WARNING * * *
The orc hits you but does no damage.
You slash the ogre!
The ogre is severely wounded.
Your shield and plate armour of Knowledge prevent you from hitting the orc.
The orc is lightly wounded.
You block the ogre's attack. The orc hits you with a whip.
* * * LOW HITPOINT WARNING * * *
You completely miss the ogre.
The ogre is severely wounded.
You hit the orc but do no damage.
The orc is lightly wounded.
The orc hits you but does no damage. The ogre hits you with a giant club!
You die...

♣... #.# ### ♣♣... #.#
..... ♣.... #.# ...[..
♣.♣.. ##.##...... ♣♣♣♣♣
.#####.... .?... ♣♣
.........#...... ♣.
....%..oO#)..... ##
........@)>.....
.#....#..################
#(##...................#
###..##############.#
#..# ####.# ..... #.....
###### #.###. #.# #.
#.###.


You could see an ogre and an orc.

Vanquished Creatures
  Pikel (D:4)
  Eustachio (D:5)
  An ice beast (D:5)
  3 slaves (D:4)
  A phantom (D:4)
  An ogre (D:4)
  A giant frog (D:3)
  A howler monkey (D:4)
  An orc priest (D:5)
  A giant frog skeleton (D:4)
  An iguana (D:3)
  An orc wizard (D:3)
  4 worker ants (D:4)
  5 adders
  An ooze (D:2)
  An adder skeleton (D:4)
  5 worms
  A dart slug (D:2)
  A giant gecko (D:2)
  5 orcs
  3 giant cockroaches
  4 hobgoblins
  4 jackals
  A quokka (D:2)
  2 ball pythons (D:2)
  7 bats
  4 giant newts
  4 goblins
  A jackal skeleton (D:5)
  8 kobolds
  6 rats
81 creatures vanquished.

Vanquished Creatures (others)
  A howler monkey skeleton (D:4)
1 creature vanquished.

Grand Total: 82 creatures vanquished

Notes
Turn   | Place    | Note
--------------------------------------------------------------
     0 | D:1      | Fedra the Minotaur Berserker began the quest for the Orb.
     0 | D:1      | Reached XP level 1. HP: 19/19 MP: 0/0
   194 | D:1      | Reached XP level 2. HP: 23/27 MP: 1/1
   476 | D:2      | Reached XP level 3. HP: 31/33 MP: 2/2
   576 | D:2      | Reached ** piety under Trog
   922 | D:2      | Reached skill level 3 in Armour
  1301 | D:2      | Found a shadowy altar of Dithmenos.
  1428 | D:3      | Noticed a giant frog
  1439 | D:3      | Killed a giant frog
  1439 | D:3      | Reached XP level 4. HP: 18/41 MP: 3/3
  1925 | D:2      | Upgraded the game from 0.19-a0-57-g300684c to 0.19-a0-414-g76fec5b
  2093 | D:3      | Reached XP level 5. HP: 38/47 MP: 4/4
  2422 | D:3      | Reached skill level 4 in Armour
  2593 | D:4      | Noticed an ogre
  2599 | D:4      | Killed an ogre
  2599 | D:4      | Reached skill level 5 in Axes
  2599 | D:4      | Reached XP level 6. HP: 55/55 MP: 5/5
  2605 | D:4      | Noticed a slave
  2611 | D:4      | Noticed Pikel
  2611 | D:4      | Noticed a slave
  2611 | D:4      | Noticed a slave
  2612 | D:4      | Noticed a slave
  2614 | D:4      | Killed a slave
  2623 | D:4      | Killed a slave
  2624 | D:4      | Killed a slave
  2625 | D:4      | Killed Pikel
  2625 | D:4      | Reached skill level 5 in Fighting
  2625 | D:4      | Reached skill level 6 in Armour
  2625 | D:4      | Reached XP level 7. HP: 36/61 MP: 6/6
  2775 | D:4      | Reached skill level 7 in Armour
  3035 | D:4      | Found a glowing silver altar of Zin.
  3038 | D:4      | Found an iron altar of Okawaru.
  3043 | D:4      | Found a burning altar of Makhleb.
  3385 | D:4      | Found a glowing golden altar of the Shining One.
  3398 | D:4      | Found a shimmering altar of Xom.
  3408 | D:4      | Reached XP level 8. HP: 61/70 MP: 7/7
  3648 | D:5      | Entered Level 5 of the Dungeon
  3652 | D:5      | Got a brightly glowing plate armour
  3654 | D:5      | Reached *** piety under Trog
  3667 | D:5      | Identified the +1 plate armour of Knowledge {-Cast rN+ MP+9} (You found it on level 5 of the Dungeon)
  3668 | D:5      | Noticed Eustachio
  3709 | D:5      | Killed Eustachio
  3709 | D:5      | Reached skill level 5 in Dodging
  3709 | D:5      | Reached skill level 1 in Shields
  3798 | D:5      | Found a blossoming altar of Fedhas.
  3875 | D:5      | Slain by an ogre

Vault maps used:
D:1:      erik_arrival_gehennom
D:2:      wad_river_or_something, lemuel_coloured_pillars_altar
D:4:      grunt_temple_overflow_open, grunt_temple_overflow_diamond,
          first_bread, uniq_pikel
D:5:      fedhas_altar_fruit_tree, serial_shops, shop, portal_sewer_entry_e,
          uniq_eustachio

Skill      XL: |  1  2  3  4  5  6  7  8 |
---------------+-------------------------+-----
Axes           | 4 5 6 |  6.9
Fighting       | 4 5 6 |  6.1
Dodging        | 3 4 5 |  5.3
Armour         | 3 4 6 7 |  7.5
Shields        | 1 |  1.6
Stealth        | |  0.5

Action                   |  1- 3 |  4- 6 |  7- 9 || total
-------------------------+-------+-------+-------++-------
Melee: Hand axe          |    80 |    70 |   115 ||   265
       Headbutt          |    16 |    17 |    24 ||    57
Invok: Berserk           |       |     2 |       ||     2
       Trog's Hand       |       |     1 |       ||     1
  Eat: Bread ration      |     1 |       |       ||     1
       Royal jelly       |       |     1 |       ||     1
       Fruit             |       |       |     3 ||     3
       Beef jerky        |       |       |     2 ||     2
Armor: Animal skin       |     5 |       |       ||     5
       Scale mail        |    30 |    36 |    32 ||    98
       Plate armour      |       |       |    53 ||    53
Dodge: Dodged            |    67 |    49 |    64 ||   180
Block: Shield            |       |       |    38 ||    38
